 Dungeon Crawl Stone Soup version 0.18-a0-1140-g8540535 (webtiles) character file.

7 namelastname112 the Grasshopper (level 1, 0/15 HPs)
             Began as a Draconian Wanderer on Jan 21, 2016.
             Slain by a hobgoblin
             ... wielding a +0 club
              (2 damage)
             ... on level 1 of the Dungeon.
             The game lasted 00:00:56 (200 turns).

namelastname112 the Grasshopper (Draconian Wanderer) Turns: 200, Time: 00:00:57

Health: 0/15       AC:  4    Str: 12    XL:     1   Next: 91%
Magic:  2/2        EV: 11    Int: 14    God:
Gold:   20         SH:  0    Dex: 10    Spells: 1 memorised, 1 level left

rFire  . . .     SeeInvis .     j - +0 dagger
rCold  . . .     Gourm    .     (armour unavailable)
rNeg   . . .     Faith    .     (no shield)
rPois  .         Spirit   .     (helmet restricted)
rElec  .         Dismiss  .     (no cloak)
rCorr  .         Reflect  .     (no gloves)
SustAt .         Harm     .     (no boots)
MR     .....                    (no amulet)
Stlth  +.........               (no ring)
                                k - ring of flight

@: not resistant to hostile enchantments, very unstealthy
A: unfitting armour, cold-blooded, AC +4
a: Evoke Flight


You were on level 1 of the Dungeon.
You were not hungry.

You visited 1 branch of the dungeon, and saw 1 of its levels.

You collected 20 gold pieces.

Inventory:

Hand Weapons
 d - a +0 club
 j - a +0 dagger (weapon)
Armour
 a - a +0 shield
Jewellery
 k - a ring of flight (left hand)
Scrolls
 e - 2 scrolls of identify {unknown}
 g - a scroll of amnesia {unknown}
 l - a scroll of remove curse {unknown}
Potions
 h - a potion of brilliance {unknown}
 i - a potion of magic {unknown}
Books
 b - Sif Muna's Volume of Flying Augmentations

   Spells                             Type                      Level
   a - Repel Missiles                 Charms/Air                   2
   b - Swiftness                      Charms/Air                   2
 c - the Almanac of Orientation

   Spells                             Type                      Level
   a - Apportation                    Translocation                1
   b - Teleport Other                 Translocation                3
Comestibles
 f - a bread ration


   Skills:
 + Level 0.4 Fighting
 * Level 1.1 Maces & Flails
 - Level 1.0 Throwing
 + Level 0.5 Dodging
 - Level 1.0 Shields
 - Level 1.0 Spellcasting
   Level 1.7 Charms
   Level 2.0 Summonings
 - Level 2.0 Translocations
   Level 1.0 Earth Magic


You had one spell level left.
You knew the following spells:

 Your Spells              Type           Power        Failure   Level  Hunger
a - Apportation           Tloc           #.........   14%         1    ##.....


Dungeon Overview and Level Annotations

Branches:
Dungeon (1/15)

Altars:


Innate Abilities, Weirdness & Mutations

Your plain brown scales are hard (AC +4).
Your body does not fit into most forms of armour.
You are cold-blooded and may be slowed by cold attacks.


Message History

The hobgoblin closely misses you.
You hit the hobgoblin but do no damage.
The hobgoblin is almost dead.
The hobgoblin barely misses you.
You hit the hobgoblin.
You kill the hobgoblin!
You closely miss the hobgoblin. The hobgoblin closely misses you.
You closely miss the hobgoblin. You closely miss the hobgoblin.
The hobgoblin hits you with a club.
You hit the hobgoblin but do no damage. The hobgoblin hits you with a club.
* * * LOW HITPOINT WARNING * * *
You are too injured to fight recklessly!
You are too injured to fight recklessly!
You are too injured to fight recklessly!
You hit the hobgoblin but do no damage.
Your tail-slap misses the hobgoblin.
The hobgoblin hits you but does no damage.
You hit the hobgoblin.
The hobgoblin is heavily wounded.
The hobgoblin hits you with a club.
You die...

#......#.# #.#
#........# #.#
##.......#####.#
#.............#
###.##..#######
#.##..# #.##..#
##########>##..#
(.....g@...##..#
.############..#
#..# #..#


You could see a hobgoblin.

Vanquished Creatures
  2 bats (D:1)
  2 goblins (D:1)
  A hobgoblin (D:1)
  A kobold (D:1)
  A rat (D:1)
7 creatures vanquished.

Notes
Turn   | Place    | Note
--------------------------------------------------------------
     0 | D:1      | namelastname112 the Draconian Wanderer began the quest for the Orb.
     0 | D:1      | namelastname112 set off with: a +0 shield, Sif Muna's Volume of Flying Augmentations, the Almanac of Orientation, a +0 club, a bread ration
     0 | D:1      | Reached XP level 1. HP: 14/14 MP: 2/2
     7 | D:1      | Learned a level 1 spell: Apportation
    98 | D:1      | Reached skill level 1 in Maces & Flails
   200 | D:1      | Slain by a hobgoblin

Vault maps used:
D:1:      minmay_arrival_hallway, nrook_mini_backslash

Action                   || total
-------------------------++-------
Melee: Club              ||    21
       Dagger            ||    14
 Stab: Sleeping          ||     1
